[Event "Svetozar Gligoric Masters 2022"]
[Site "Belgrade"]
[Date "2022.07.21"]
[Round "7.11"]
[White "Petrovic, Aleksa"]
[Black "Pranav Vijay"]
[Result "0-1"]
[ECO "E15"]
[WhiteElo "2230"]
[BlackElo "2265"]
[Annotator "TA"]
[PlyCount "124"]
[EventDate "2022.07.18"]
[EventCountry "SRB"]
[SourceTitle "playchess.com"]
[Source "ChessBase"]
[SourceQuality "1"]
[TimeControl "40/5400+30:900+30"]

1. d4 Nf6 2. c4 e6 3. Nf3 b6 4. g3 Ba6 5. Qa4 c5 6. Bg2 Bb7 7. dxc5 bxc5 8. O-O Be7 9. Nc3 O-O 10. Rd1 Qb6 11. Bf4 d6 12. Rab1 {12.Qb5 is the recent fashion. E15: Queen's Indian: 4 g3 sidelines, 4 g3 Ba6 and 4 g3 Bb7 early deviations.} Na6 {Prevents b4.} 13. a3 Rac8 14. Qc2 {White is slightly better.} (14. Nb5 $5 ) 14... d5 (14... Rfd8 $11 {keeps the balance.}) 15. Ne5 $16 {[%cal Rc4d5] [#]} Rcd8 $146 ({Predecessor:} 15... Rfd8 16. g4 Bd6 17. cxd5 exd5 18. Qf5 h6 19. Nxf7 Bxf4 20. Nxd8 Bxh2+ 21. Kxh2 Rxd8 22. Nxd5 Bxd5 23. Bxd5+ Nxd5 24. Rxd5 {1-0 (33) Turova,I (2439)-Kovanova,B (2380) Belgorod 2010}) 16. cxd5 exd5 17. e4 d4 18. Nc4 $1 Qe6 19. Nd5 $1 Rfe8 20. Nxf6+ Bxf6 {[#]} 21. Nd6 Rxd6 22. Bxd6 Qxd6 23. e5 $1 {[%mdl 64] Discovered Attack} Rxe5 24. Bxb7 Nc7 25. Qc4 h5 26. b4 h4 27. Rbc1 hxg3 28. hxg3 Ne6 29. Bg2 Be7 30. b5 (30. bxc5 $16 Rxc5 31. Qa4) 30... Bd8 31. Re1 Rh5 32. Re4 Ba5 33. Bf3 Rg5 34. Bg4 Nf8 35. Kg2 (35. Rf4 $2 Qg6 36. Qe2 d3 $17) 35... Qg6 (35... g6 $16) 36. Bf3 $18 {Strongly threatening Re7.} Bc7 37. Kf1 $2 ({White should try} 37. Qe2 $1 $18) 37... Rf5 (37... Bxg3 $5 38. fxg3 Rxg3 $11) 38. Qd3 Qh6 (38... Qf6 $14 39. Kg2 Ne6) 39. Rc2 $1 $16 (39. Ree1 g6 $11) 39... Qh3+ 40. Ke2 {And now Bg4 would win.} Rg5 {Inhibits Bg4.} 41. Rc1 Qd7 42. Rh1 Ng6 43. Kf1 Be5 $2 (43... Ne5 $16 {might work better.} 44. Reh4 f6) 44. Re2 {Hoping for Be4.} Qe6 45. Qe4 Qb3 $2 (45... Nf8 46. Qh4 Qh6 47. Qxh6 gxh6 48. Rxh6 Ne6) 46. Qa8+ $18 Nf8 47. Kg2 {aiming for Qd8.} Qc4 (47... Bd6 $142 48. a4 c4) 48. Ree1 d3 49. Bd5 {Rh8+ would kill now.} Qf4 50. Rh8+ $2 Kxh8 $16 51. Qxf8+ Kh7 {[%cal Rg5g3] Threatens to win with ...Rxg3+!} 52. Be4+ (52. Bxf7 Rxg3+ $1 53. fxg3 Qxg3+ 54. Kf1 Qh3+ 55. Kf2 Bd4+) (52. Qxf7 $16 {White wants to mate with Rh1+.} Qxf7 53. Bxf7) 52... f5 $11 {[%cal Rg5g3] ...Rxg3+ is the strong threat.} 53. Rh1+ (53. Bd5 $2 Rxg3+ 54. fxg3 Qxg3+ 55. Kf1 Qf4+ 56. Kg2 Qg4+ 57. Kf1 Qf4+ 58. Kg2 Qg4+ 59. Kf1 d2 $1 60. Qg8+ Kh6 61. Qe6+ (61. Qh8+ $2 Kg5 $19) 61... Bf6 62. Qe3+ Bg5 63. Qe6+ g6 $19) 53... Kg6 54. Qe8+ (54. Bd5 Rxg3+ $1 55. fxg3 Qxg3+ 56. Kf1 Qf4+) 54... Kf6 55. Qd8+ $40 {[%mdl 128] White attacks.} (55. Bd5 Rxg3+ $1 56. fxg3 Qxg3+ 57. Kf1 Qf4+) 55... Kg6 56. Qe8+ ({Don't blunder} 56. Bxd3 $2 Rxg3+ $1 57. Kf1 (57. fxg3 $2 Qxg3+ 58. Kf1 Qf3+ 59. Kg1 Bd4+ 60. Qxd4 cxd4 $19) 57... Bd6 58. Qe8+ Kf6 59. Qd8+ Ke5 60. Qe8+ Kf6 61. Qd8+ Be7 $19) 56... Kf6 {[%cal Rg5g3] Really sharp!} 57. Qf8+ (57. Bd5 {leads to mate.} Rxg3+ $1 58. fxg3 Qxg3+ 59. Kf1 Qf4+) 57... Kg6 {[%cal Rg5g3] ( -> ...Rxg3+)} 58. Bc6 $2 {[%mdl 8192] [#]} (58. Bd5 {[#] gets mated.} Rxg3+ $1 59. fxg3 Qxg3+ 60. Kf1 Qf4+) (58. Qe8+ $11 Kf6) 58... Rxg3+ $1 {[%mdl 512] Black mates.} 59. fxg3 Qxg3+ 60. Kf1 Qf4+ 61. Kg1 Bd4+ 62. Kg2 Qg4+ {What a fight!  Weighted Error Value: White=0.30/Black=0.28 (precise)} 0-1

[Event "Svetozar Gligoric Masters 2022"]
[Site "Belgrade"]
[Date "2022.07.21"]
[Round "7.12"]
[White "Gavrilov, Maxim"]
[Black "Song, Raymond"]
[Result "1/2-1/2"]
[ECO "D37"]
[WhiteElo "2216"]
[BlackElo "2499"]
[Annotator "ChessBase"]
[PlyCount "48"]
[EventDate "2022.07.18"]
[EventCountry "SRB"]
[SourceTitle "playchess.com"]
[Source "ChessBase"]
[SourceQuality "1"]
[TimeControl "40/5400+30:900+30"]

1. d4 Nf6 2. c4 e6 3. Nf3 a6 4. Nc3 d5 5. cxd5 exd5 6. Bg5 Be6 7. e3 Nbd7 8. Bd3 Bd6 9. O-O c6 10. Qc2 Qc7 11. h3 h6 12. Bxf6 Nxf6 13. Rab1 O-O 14. b4 Qe7 15. Qb2 Ne4 16. Nxe4 dxe4 17. Bxe4 Bxh3 18. Ne5 f6 19. Qb3+ Be6 20. Ng6 Bxb3 21. Nxe7+ Bxe7 22. Rxb3 f5 23. Bf3 Rad8 24. a4 Rd7 1/2-1/2

[Event "Svetozar Gligoric Masters 2022"]
[Site "Belgrade"]
[Date "2022.07.21"]
[Round "7.13"]
[White "Serikbay, Assel"]
[Black "Nitish Belurkar"]
[Result "1-0"]
[ECO "E04"]
[WhiteElo "2227"]
[BlackElo "2460"]
[Annotator "TA"]
[PlyCount "123"]
[EventDate "2022.07.18"]
[EventCountry "SRB"]
[SourceTitle "playchess.com"]
[Source "ChessBase"]
[SourceQuality "1"]
[TimeControl "40/5400+30:900+30"]

1. d4 Nf6 2. c4 e6 3. g3 d5 4. Nf3 dxc4 5. Bg2 a6 6. Ne5 {[%mdl 1024] White has compensation.} Bb4+ {E04: Open Catalan: 5 Nf3.} 7. Nc3 {[%cal Bb1c3,Bc3b5,Bb5a3,Ba3c4][%mdl 32] Black must now prevent Qa4+.} Nd5 $1 8. O-O {Strongly threatening Nxd5.} O-O {The position is equal.} 9. Qc2 b5 $1 10. a4 {seems to push 10.Nxd5 aside.} c6 (10... f6 $11 {might be stronger.} 11. Nf3 Bb7) 11. axb5 $14 {[#]} cxb5 $146 (11... Bxc3 $11 {remains equal.} 12. bxc3 cxb5) ({Predecessor:} 11... Bxc3 12. bxc3 cxb5 13. e4 Nf6 14. Bg5 h6 15. Bxf6 Qxf6 16. Nxc4 Qe7 17. e5 Bb7 18. Bxb7 Qxb7 {0-1 (65) Thapa,K (2040)-Jayakumar,A (2280) Chennai 2013}) 12. Nxb5 $16 Qb6 (12... Nd7 $142) 13. Na3 $36 {[%mdl 2048] White is on the roll. White is much more active.} Qxd4 (13... Nc6 $16 {was worth a try.}) 14. Naxc4 $18 {Hoping for Be3.} Qa7 15. e4 Nf6 16. Nd3 Be7 17. Be3 Qc7 18. Rfc1 {Threatens to win with Nb6.} Nbd7 {Prevents Nb6.} 19. Qa4 {[%cal Oc4b6] Against a5. Nb6! is the strong threat.} Qd8 {Inhibits Nb6.} 20. Na5 Qe8 21. Nc6 Bd8 (21... e5 {was called for.} 22. Ndxe5 (22. Ncxe5 Nxe5 23. Nxe5 Bb7 $18) 22... Nxe5) 22. Nxd8 Qxd8 23. Ra3 (23. Rd1 $18) 23... a5 {[#]} (23... Re8 $16 {keeps fighting.} 24. Rc6 e5) 24. Rac3 (24. Bf4 $1 $18) 24... Rb8 $2 {Black cannot hold the game after this.} (24... Ba6 $16 25. Bf4 Re8) 25. Bf4 e5 26. Nxe5 Nxe5 27. Bxe5 Rb4 28. Qc2 ({Not} 28. Rxc8 Qxc8 29. Qd1 Rc4 30. Rxc4 Qxc4 $11) 28... Be6 29. Bc7 Qd7 30. Bxa5 Ra4 31. Rc7 Qb5 32. Rc5 Qd7 (32... Qb3 {might work better.} 33. Qxb3 Bxb3) 33. e5 Bf5 34. Qb3 Ng4 (34... Be6 $142) 35. Rd5 Qa7 (35... Be6) 36. Bb6 Qa6 37. Bc5 Rc8 (37... Qh6 {was necessary.} 38. Qxa4 Qxc1+ 39. Qd1 Qxd1+ 40. Rxd1 Rc8) 38. Rcd1 {White threatens Rd8+ and mate.} Ra1 39. Rd6 Qa5 40. Rxa1 Qxa1+ 41. Rd1 Qa5 {[#]} 42. Qb6 Qxb6 43. Bxb6 {And now Bb7 would win. This bishop pair is nice.} Nxe5 44. Bb7 Re8 45. b4 h5 (45... Bd7 $16 46. Bg2 Bb5) 46. Rd8 Rxd8 47. Bxd8 {[%mdl 4096] Endgame KBB-KBN} Bd7 48. Be7 Bb5 49. f4 Nc6 50. Bc5 f6 51. Kf2 Kf7 52. Bc8 Ne7 $2 (52... Nd8 53. Kf3 Ne6) 53. Bxe7 Kxe7 {KB-KB} 54. Ke3 Kd6 55. Kd4 g6 $2 (55... Be8 56. Ba6 Kc6) 56. h4 Kc7 57. Be6 g5 58. fxg5 {White mates.} fxg5 59. hxg5 Kd6 60. Bf7 Be2 61. g6 Ke7 62. Bc4 {Weighted Error Value: White=0.24 (precise) /Black=0.48} 1-0

[Event "Svetozar Gligoric Masters 2022"]
[Site "Belgrade"]
[Date "2022.07.21"]
[Round "7.14"]
[White "Shahil Dey"]
[Black "Srija, Seshadri"]
[Result "1-0"]
[ECO "C54"]
[WhiteElo "2402"]
[BlackElo "2208"]
[Annotator "TA"]
[PlyCount "131"]
[EventDate "2022.07.18"]
[EventCountry "SRB"]
[SourceTitle "playchess.com"]
[Source "ChessBase"]
[SourceQuality "1"]
[TimeControl "40/5400+30:900+30"]

1. e4 e5 2. Nf3 Nc6 3. Bc4 Nf6 4. d3 Bc5 5. O-O d6 6. c3 a6 7. a4 {C54: Giuoco Piano: 4 c3 Nf6, main lines with 5 d4 and 5 d3.} Ba7 8. Re1 h6 9. b4 {The position is equal.} O-O 10. Nbd2 Kh8 11. Nf1 Ng4 12. Ra2 f5 13. h3 {[#]} Nf6 $146 ({Predecessor:} 13... fxe4 14. dxe4 Nf6 15. a5 Qe8 16. Ng3 Nh5 17. Be3 Nf4 18. Bxa7 Nxa7 19. Kh2 Nb5 {1-0 (84) Jumabayev,R (2631)-Hansen,E (2606) Chess.com INT 2022}) 14. Nh4 Ne7 15. exf5 Bxf5 16. Nxf5 Nxf5 17. Bb3 Qe8 18. Qf3 Nh4 19. Qg3 (19. Qxb7 Bb6 20. b5 axb5 21. axb5 Rxa2 22. Bxa2 Qg6 $17) 19... g5 20. d4 Qc6 21. Rc2 Nh5 22. Qg4 Nf6 23. Qg3 Nh5 24. Qg4 Nf4 25. Ne3 Qe8 (25... h5 $5 26. Qg3 (26. Qxg5 $2 Nf3+ 27. gxf3 Nxh3+ 28. Kf1 Nxg5 $19) 26... Nfxg2 27. Nxg2 (27. Bd5 $2 Nxe1 28. Bxc6 bxc6 $17) 27... Nf3+ 28. Kh1 (28. Kf1 h4 $15) 28... Nxe1 $11) 26. Kh1 $1 Nd3 {Pair of Knights!} 27. Rf1 c6 28. dxe5 ({White should play} 28. Qd1 $11 e4 29. Bc4) 28... Nxc1 (28... dxe5 $15 29. Qe4 Qg6 30. Qxg6 Nxg6) 29. Rcxc1 $11 Bxe3 30. fxe3 Qxe5 31. Bc2 $40 {[%mdl 128] Against Nf5. g3 is the strong threat. Black needs to defend precisely.} Qd5 $2 {[%mdl 8192] White stays focused until the end.} (31... Rxf1+ 32. Rxf1 Re8 33. b5 $16) (31... Qxc3 $11 32. Qe6 Rxf1+ 33. Rxf1 Qxc2 34. Qf6+ Kh7 35. Qf7+ Kh8 36. Qf6+ Kh7 37. Qf7+ Kh8 38. Qf6+) 32. c4 $18 Qd2 33. Qe4 Nf5 $2 {[#]} (33... Rxf1+ 34. Rxf1 Qxg2+ 35. Qxg2 Nxg2) 34. Rxf5 $1 Qxc1+ 35. Kh2 {Rxf8+ would kill now.} Rxf5 36. Qxf5 {[%csl Gc2][%cal Rf5h7][%mdl 4096] Endgame KQR-KQB} Kg7 37. Qg6+ Kf8 38. Qxh6+ Ke7 39. Qg7+ Ke6 40. Qg6+ Kd7 41. c5 Kc8 42. Qe8+ (42. b5 $142 axb5 43. axb5 cxb5 44. Qe6+ Kb8 45. Qxd6+ Ka7 46. Qb6+ Kb8 {[#]} 47. c6 $1) 42... Kc7 43. cxd6+ $2 (43. Qxa8 Qxc2 44. cxd6+ Kxd6 45. Qd8+ (45. Qxb7 Qxa4 46. Kg3 Qb5 $16) 45... Ke6 46. Qxg5 Qxa4 47. Qg8+ Ke5 48. Qg7+ Ke4 49. Qe7+ Kd3 50. Qxb7 Kxe3 $18) (43. Qf7+ Kb8 44. b5 axb5 45. axb5) 43... Kxd6 44. Qxa8 {Threatening mate with Qd8+.} Qxc2 {KQ-KQ} 45. Qd8+ Ke6 46. Qxg5 Qxa4 47. Qg4+ Kf6 48. Qf4+ Kg6 $2 (48... Ke6 {was worth a try.} 49. g4 b6) 49. Qd6+ Kf5 50. Qd7+ Ke4 51. Qd4+ Kf5 52. h4 {Strongly threatening h5.} Qc2 (52... a5 $142 53. g4+ Ke6 54. Qc4+ Kf6) 53. Qd7+ Kf6 54. Qd6+ Kg7 55. Qe7+ Kg6 56. Qg5+ Kh7 57. Qe7+ Kg6 58. e4 Qf2 (58... Qd2 $142 59. Qe6+ (59. Qxb7 Qf4+ 60. g3 Qf2+ 61. Kh1 Qf1+ 62. Kh2 Qf2+ 63. Kh3 Qf1+ 64. Kh2 Qf2+ $11) 59... Kg7 60. Qe7+ Kg6 61. Qe6+ (61. Qxb7 Qf4+ 62. Kh1 Qf1+ 63. Kh2 Qf4+ 64. g3 Qf2+ 65. Kh3 Qf1+ 66. Kh2 Qf2+ 67. Kh3 Qf1+ 68. Kh2 Qf2+ $11) 61... Kg7 62. Qe7+ Kg6) 59. Qg5+ Kh7 60. h5 Qf7 61. e5 {Intending h6 and mate.} c5 62. bxc5 (62. h6 $142 Qf8 63. e6 (63. bxc5 Qxh6+ 64. Qxh6+ Kxh6 $11) 63... Qd6+ 64. g3 Qd4 65. e7 Qf2+ 66. Kh3 Qf1+ 67. Kg4 (67. Kh4 Qh1+ 68. Kg4 Qe4+ 69. Kh5 Qh1+ 70. Kg4 Qe4+ 71. Qf4 Qxe7 $11)) 62... a5 63. h6 {White mates.} Qc7 64. Kh1 a4 65. e6 a3 66. e7 {Weighted Error Value: White=0.39/Black=0.73} 1-0

[Event "Svetozar Gligoric Masters 2022"]
[Site "Belgrade"]
[Date "2022.07.21"]
[Round "7.15"]
[White "Ohanyan, Emin"]
[Black "Stamatiou, Rodolfos"]
[Result "1-0"]
[ECO "D37"]
[WhiteElo "2354"]
[BlackElo "2189"]
[Annotator "TA"]
[PlyCount "61"]
[EventDate "2022.07.18"]
[EventCountry "SRB"]
[SourceTitle "playchess.com"]
[Source "ChessBase"]
[SourceQuality "1"]
[TimeControl "40/5400+30:900+30"]

1. d4 d5 2. c4 e6 3. Nc3 h6 4. Nf3 Nf6 5. g3 Nc6 6. Bg2 {D37: Queen's Gambit Declined: 5 Bf4.} Bd6 7. O-O O-O 8. b3 {White is slightly better.} dxc4 9. bxc4 e5 10. Rb1 exd4 11. Nxd4 Nxd4 12. Qxd4 {[#]} Qe7 $146 (12... c6 $11) ({Predecessor:} 12... Re8 13. Be3 Qe7 14. Nb5 Be5 15. Qc5 Qxc5 16. Bxc5 Bf5 17. Rb3 Ne4 18. Bxe4 Bxe4 {½-½ (45) Abdusattorov,N (2651)-Artemiev,V (2700) chess24.com INT 2022}) 13. Bb2 $1 $14 {[#] Black must now prevent Nd5. White is more active.} c5 14. Qh4 Re8 15. Rfd1 Qf8 16. Bc1 Re5 {White leaves nothing to chance now.} ({Better is} 16... Be5 $14 17. Nd5 Rb8) 17. Bxh6 $1 $16 {[#] Qxf6 is the strong threat.} (17. Bxb7 $2 g5 18. Rxd6 gxh4 $19) 17... Nh7 (17... Rh5 $16 18. Qxf6 Rxh6) 18. Bc1 $18 ({Not} 18. Bxb7 Bxb7 19. Bxg7 (19. Rxb7 gxh6 20. Qg4+ Rg5 $11) 19... Qxg7 $11) 18... Bf5 19. Rxb7 Rd8 20. Bd5 Bg6 (20... Re7 21. Rb5 Be5) 21. Bf4 Be7 22. Qh3 ({Less strong is} 22. Bxe5 Bxh4 23. gxh4 Nf6 24. Bxf7+ (24. Rxa7 Kh7 $16) 24... Bxf7 25. Rxd8 Qxd8 $18) 22... Rh5 23. Qg2 Ng5 24. h4 Ne6 25. Bxe6 fxe6 26. Rxd8 Bxd8 27. Rb8 {Threatens to win with Qa8.} Qf6 28. Bg5 Qxc3 29. Rxd8+ Kh7 30. g4 (30. Qa8 $142 Qc1+ 31. Bxc1 Be8 32. Rxe8 Re5 33. Rh8+ Kg6 34. Qe8+ Kf5 35. Qf7+ Kg4 36. Qf3+ Kh3 37. g4#) 30... Qa1+ 31. Qf1 {Weighted Error Value: White=0.10 (very precise) /Black=0.51} 1-0

[Event "Svetozar Gligoric Masters 2022"]
[Site "Belgrade"]
[Date "2022.07.21"]
[Round "7.16"]
[White "Vaibhav Jayant Raut"]
[Black "Han, Yichen"]
[Result "1-0"]
[ECO "D11"]
[WhiteElo "2169"]
[BlackElo "2286"]
[Annotator "TA"]
[PlyCount "73"]
[EventDate "2022.07.18"]
[EventCountry "SRB"]
[SourceTitle "playchess.com"]
[Source "ChessBase"]
[SourceQuality "1"]
[TimeControl "40/5400+30:900+30"]

1. Nf3 d5 2. g3 Bg4 3. Bg2 Nd7 4. d4 Ngf6 5. O-O e6 6. c4 c6 7. Nc3 dxc4 {D11: Slav Defence: 3 Nf3 sidelines and 3...Nf6 4 e3 Bg4.} 8. a4 a5 9. h3 Bxf3 {Black is slightly better.} 10. Bxf3 Bb4 {[#]} 11. e3 $146 ({Predecessor:} 11. e4 e5 12. Be3 O-O 13. Qe2 Nb6 14. Rfd1 Qc7 15. d5 cxd5 16. Nb5 Qc6 17. exd5 Nbxd5 {0-1 (70) Matnadze,A (2401)-Burg,T (2498) Groningen 2012}) 11... O-O 12. Qe2 e5 13. Qxc4 Re8 14. Rd1 e4 15. Bg2 h5 16. Bd2 Nb6 17. Qb3 Bd6 18. d5 ({White should try} 18. Rac1 $11) 18... Rb8 (18... Nfxd5 19. Nxe4 Be7 20. h4 $16) (18... Nbxd5 19. Qxb7 h4 20. Nxd5 (20. Qxc6 Rc8 $17) (20. gxh4 Rb8 $15) 20... cxd5 21. g4 $11) (18... cxd5 $15 {keeps the upper hand.} 19. Rac1 Bb4) 19. dxc6 $16 bxc6 20. Qc2 Qe7 21. Ne2 h4 22. g4 ({Don't go for} 22. Qxc6 $2 Rec8 23. Qb5 Nc4 $19) ({Much weaker is} 22. Bxa5 $6 hxg3 23. Nd4 (23. fxg3 Nbd5 $15) (23. Nxg3 Bxg3 24. fxg3 Nbd5 $11) (23. Qxc6 $2 gxf2+ 24. Kxf2 Bc5 $19) 23... gxf2+ 24. Qxf2 Qb7 $11) 22... Nbd5 23. Bc3 {Inhibits Qe5.} Nxc3 24. Qxc3 c5 {Against Nd4} 25. Rd2 Rb4 26. Rad1 Be5 27. Qc1 Rxa4 28. Nc3 Rb4 (28... Bxc3 $11 29. Qxc3 Qe5) 29. g5 {[%mdl 64] [#] Deflection} Nh5 30. Nxe4 {Black must now prevent Rd7.} Bb8 $2 (30... Nf4 $16 31. exf4 Bxf4) 31. Nd6 $2 (31. Rd7 $18 {has better winning chances.} Qe5 32. Rd8) 31... Bxd6 32. Rxd6 g6 (32... Qxg5 $16 33. R1d5 Qe7) 33. Qxc5 $18 {Threatens to win with Bc6.} Rxb2 $2 (33... Ng7 {is more resistant.} 34. Qxa5 Rxb2) 34. Bc6 Rf8 {[#]} (34... Rbb8 $18 35. Bxe8 Rxe8) 35. Rxg6+ $3 {[%mdl 512] White mates.} fxg6 36. Qxe7 Rfxf2 37. Rd8+ {Weighted Error Value: White=0.23 (precise) /Black=0.64} 1-0

[Event "Svetozar Gligoric Masters 2022"]
[Site "Belgrade"]
[Date "2022.07.21"]
[Round "7.18"]
[White "Arias Gaviria, Mario Alexis"]
[Black "Joshua, A P"]
[Result "1/2-1/2"]
[ECO "E04"]
[WhiteElo "2231"]
[BlackElo "2153"]
[Annotator "TA"]
[PlyCount "81"]
[EventDate "2022.07.18"]
[EventCountry "SRB"]
[SourceTitle "playchess.com"]
[Source "ChessBase"]
[SourceQuality "1"]
[TimeControl "40/5400+30:900+30"]

1. d4 d5 2. Nf3 Nf6 3. g3 e6 4. Bg2 c5 5. c4 dxc4 6. O-O Nc6 7. dxc5 Qxd1 8. Rxd1 Bxc5 9. Nbd2 c3 10. bxc3 O-O {E04: Open Catalan: 5 Nf3.} 11. Ng5 Rd8 12. Bb2 {[#]} Bd7 $146 {Black has an edge.} ({Predecessor:} 12... Be7 13. Nb3 Bd7 14. c4 Be8 15. Nf3 Rxd1+ 16. Rxd1 Rd8 17. Rxd8 Bxd8 18. Nfd4 Bb6 19. Nxc6 bxc6 {1-0 (36) Gurevich,D (2358)-Manukian,A (2196) Chess.com INT 2021}) 13. Nge4 Nxe4 14. Nxe4 Be7 15. c4 Na5 16. Be5 {Black must now prevent Bc7.} Bc6 ({But not} 16... Nxc4 17. Bc7 $16) 17. c5 Nc4 18. Bc7 Rdc8 19. Bd6 Bxd6 20. Nxd6 Nxd6 21. cxd6 Bxg2 22. d7 Rd8 {The position is equal.} 23. Kxg2 $11 {[%mdl 4096] Endgame KRR-KRR} Kf8 24. Rac1 ({Don't play} 24. Rab1 b6 $14) 24... Ke7 25. Rc7 Rab8 26. e4 a5 27. h4 b5 28. e5 h5 29. Kf3 b4 30. Ke3 a4 {White should prevent ...Rb5.} 31. Ra7 $1 Ra8 32. Rxa8 Rxa8 {KR-KR} 33. Kd4 Rb8 34. Kc4 $1 Kd8 35. Rd3 {Against b3} Rb7 36. Rd2 b3 37. axb3 Rxb3 38. Ra2 Rf3 39. Rd2 Rb3 (39... a3 $11) 40. Ra2 $17 Rf3 41. Rd2 $1 {Weighted Error Value: White=0.05 (flawless) /Black=0.04 (flawless)} 1/2-1/2

[Event "Svetozar Gligoric Masters 2022"]
[Site "Belgrade"]
[Date "2022.07.21"]
[Round "7.19"]
[White "Alexakis, Dimitris"]
[Black "Nurgali, Nazerke"]
[Result "1-0"]
[ECO "B13"]
[WhiteElo "2484"]
[BlackElo "2181"]
[Annotator "ChessBase"]
[PlyCount "28"]
[EventDate "2022.07.18"]
[EventCountry "SRB"]
[SourceTitle "playchess.com"]
[Source "ChessBase"]
[SourceQuality "1"]
[TimeControl "40/5400+30:900+30"]

1. e4 c6 2. d4 d5 3. exd5 cxd5 4. Bd3 Nc6 5. c3 Nf6 6. h3 g6 7. Nf3 Bf5 8. O-O Bxd3 9. Qxd3 e6 10. Qe2 h6 11. Ne1 Bd6 12. Be3 Kf8 13. Nd2 Kg7 14. Nd3 Qc7 1-0

[Event "Svetozar Gligoric Masters 2022"]
[Site "Belgrade"]
[Date "2022.07.21"]
[Round "7.20"]
[White "Baasansuren, Erdene"]
[Black "Kushagra Mohan"]
[Result "0-1"]
[ECO "A40"]
[WhiteElo "2243"]
[BlackElo "2359"]
[Annotator "TA"]
[PlyCount "62"]
[EventDate "2022.07.18"]
[EventCountry "SRB"]
[SourceTitle "playchess.com"]
[Source "ChessBase"]
[SourceQuality "1"]
[TimeControl "40/5400+30:900+30"]

1. Nf3 f5 2. d4 Nf6 3. Bg5 e6 4. c4 b6 5. a3 Bb7 6. Nc3 Be7 {[%cal Bf8e7,Be7f6,Bf6d4][%mdl 32] A40: Unusual replies to 1 d4.} 7. Bxf6 Bxf6 {[#]} 8. Qc2 $146 (8. e3 $11) ({Predecessor:} 8. e3 O-O 9. Be2 d6 10. Qc2 Nd7 11. O-O Qe7 12. Rad1 g6 13. b4 Bg7 14. e4 fxe4 15. Nxe4 {0-1 (46) Vigh,B (2359)-Chernyshov,K (2557) Harkany 2001}) 8... Bxf3 $17 {Black is better.} 9. gxf3 Bxd4 10. e3 Bf6 11. f4 O-O 12. Bg2 c6 13. Rd1 Qe7 14. Nb5 Na6 {[%cal Bb8a6,Ba6c7,Bc7e6][%mdl 32] Against Nc7} 15. Nd6 g6 16. b4 e5 17. O-O {[#]} Nc7 $1 18. b5 {[#]} exf4 (18... e4 $1 $17 19. f3 exf3 20. Rxf3 Ne8 21. Nxe8 Rfxe8) 19. exf4 $11 Ne6 20. Rfe1 {[#]} c5 {[%cal Of6d4] aiming for ...Bd4!} 21. Bxa8 Rxa8 22. Qd3 (22. Rd5 $11 {remains equal.}) 22... Bd4 $17 23. Qf3 Rf8 24. Nb7 Qh4 25. Nd6 Nxf4 {[%cal Od4f2] Strongly threatening ...Bxf2+!} 26. Rd2 Qh6 {Threatens to win with ...Nh3+. Dancing on a razor blade.} 27. Kh1 $2 (27. Red1) 27... g5 $19 28. Ne8 Ne6 {Against Nc7. White must now prevent ...g4.} 29. Nd6 (29. Qb7 $142 Rxe8 30. Qxd7) 29... g4 {Black is clearly winning.} 30. Qe2 Qf4 31. Nb7 Qc7 {Weighted Error Value: White=0.46/Black=0.11 (very precise)} 0-1

[Event "Svetozar Gligoric Masters 2022"]
[Site "Belgrade"]
[Date "2022.07.21"]
[Round "7.21"]
[White "Tisaj, Domen"]
[Black "Todev, Simeon"]
[Result "1-0"]
[ECO "E44"]
[WhiteElo "2355"]
[BlackElo "1954"]
[Annotator "ChessBase"]
[PlyCount "45"]
[EventDate "2022.07.18"]
[EventCountry "SRB"]
[SourceTitle "playchess.com"]
[Source "ChessBase"]
[SourceQuality "1"]
[TimeControl "40/5400+30:900+30"]

1. d4 Nf6 2. c4 e6 3. Nc3 Bb4 4. e3 b6 5. Nge2 Bb7 6. a3 Bxc3+ 7. Nxc3 d5 8. b4 dxc4 9. Bxc4 Bxg2 10. Rg1 Bd5 11. Bb5+ c6 12. Bd3 c5 13. Rxg7 cxd4 14. exd4 Nc6 15. Be3 Qc7 16. Rc1 Qxh2 17. Nxd5 Qh1+ 18. Kd2 Qxd5 19. Rg5 Ne4+ 20. Bxe4 Qxe4 21. f3 Qh4 22. Rxc6 Rd8 23. Qg1 1-0

[Event "Svetozar Gligoric Masters 2022"]
[Site "Belgrade"]
[Date "2022.07.21"]
[Round "7.22"]
[White "Sanket Chakravarty"]
[Black "Sharan, Rao"]
[Result "1-0"]
[ECO "A27"]
[WhiteElo "2209"]
[BlackElo "2342"]
[Annotator "TA"]
[PlyCount "91"]
[EventDate "2022.07.18"]
[EventCountry "SRB"]
[SourceTitle "playchess.com"]
[Source "ChessBase"]
[SourceQuality "1"]
[TimeControl "40/5400+30:900+30"]

1. c4 e5 2. Nc3 Nc6 3. Nf3 g6 4. d4 exd4 5. Nxd4 Bg7 6. Nxc6 {A27: English Opening: Three Knights Variation.} dxc6 7. Qxd8+ Kxd8 8. Bg5+ {White is slightly better.} Nf6 9. O-O-O+ Ke8 10. e4 Be6 11. Be2 Nd7 {[#]} 12. f4 $146 ({Better is} 12. Kc2 $16) ({Predecessor:} 12. Rd2 h6 13. Bh4 Ne5 14. Rhd1 g5 15. Bg3 Rc8 16. b3 h5 17. Kc2 Ng6 18. h3 {0-1 (51) Stahr,R (2101)-Graf,A (2628) Berlin 2011}) 12... Nb6 $11 13. c5 Nd7 14. f5 gxf5 15. exf5 Bxf5 16. Bh5 {Black must now prevent Rhe1+.} Nxc5 {Strongly threatening ...Nd3+.} 17. Rhe1+ Ne6 18. g4 (18. Re2 $15) 18... Bg6 $17 19. Ne4 b6 {Prevents Nc5.} (19... Kf8 $1 $17 {Threatens to win with ...Bxe4.} 20. Bd2 c5) 20. Nf6+ $15 Bxf6 21. Bxf6 Rg8 22. Bxg6 Rxg6 23. g5 Rc8 24. h4 h5 (24... h6 $1 $15) 25. b4 $11 a6 26. Kb2 Rb8 27. a4 c5 28. bxc5 bxc5+ 29. Kc3 a5 (29... Rg8 $11 {remains equal.}) 30. Rd5 $16 {0x0.0013b8b05fffdp-1022s more active pieces. The black rooks are badly placed.} Kf8 31. Rd7 Rb4 32. Red1 {[%cal Od7d8] Threatening mate with Rd8+! Dancing on a razor blade.} Rxf6 33. gxf6 {[%cal Od7d8][%mdl 4096] Endgame Intending Rd8+! and mate. KRR-KRN} Kg8 34. Rg1+ {[%mdl 1024] White has strong compensation.} Kf8 {[#]} 35. Rgd1 $2 (35. Rg5 $1 $18 ) 35... Kg8 $1 $11 36. Rg1+ $2 (36. R1d5 $11 Rxh4 37. Re5) 36... Kf8 $18 {[#]} 37. Rg5 $1 Rxh4 {[#]} 38. Rxc5 $1 Rxa4 $2 (38... Rh3+ 39. Kd2 Rf3 40. Rxh5 (40. Rxa5 Rxf6 41. Rxh5 Ke8 $18) 40... Rxf6 41. Rxa5 Ke8) 39. Rxh5 Kg8 {Inhibits Rh8+.} 40. Re7 {White mates.} Rg4 41. Re8+ Nf8 42. Rxa5 Rg3+ 43. Kd2 Rg2+ 44. Ke3 Rg3+ 45. Kf2 Rg6 {[#]} 46. Rxf8+ $1 {[%mdl 512] Weighted Error Value: White=0.15 (very precise) /Black=0.36} 1-0